 Dungeon Crawl Stone Soup version bcrawl-1.20 (webtiles) character file.

Game seed: 5277321198193568792

245 MisterOstroum the Sneak (level 6, -3/56 HPs)
             Began as a Naga Sloth Apostle on Jan 16, 2020.
             Was a Follower of Cheibriados.
             Killed from afar by a white imp (13 damage)
             ... with a puff of frost
             ... summoned by Eustachio
             ... on level 4 of the Dungeon.
             The game lasted 00:14:39 (2817 turns).

MisterOstroum the Sneak (Naga Sloth Apostle)        Turns: 2817, Time: 00:14:39

Health: -3/56      AC:  6    Str: 19    XL:     6   Next: 10%
Magic:  7/7        EV:  9    Int: 16    God:    Cheibriados [*.....]
Gold:   317        SH:  4    Dex: 13    Spells: 6/7 levels left

rFire    . . .     SeeInvis +   a - +0 spear
rCold    . . .     Gourm    .   t - +0 buckler
rNeg     . . .     Faith    .   h - +0 robe
rPois    +         Spirit   .   (no helmet)
rElec    +         Reflect  .   z - +0 cloak
rCorr    .         Harm     .   f - +1 pair of gloves
MR       .....                  (no barding)
Stlth    +++.......             i - amulet of rage
HPRegen  0.18/turn              q - ring of insulation
MPRegen  0.10/turn              (no ring)

@: short of breath, very slow
A: large, see invisible, deformed body, poison resistance, slowness 2, slow
metabolism 1, spit poison 1, AC +2
a: Spit Poison, Bend Time, Renounce Religion, Evoke Berserk Rage


You were on level 4 of the Dungeon.
You worshipped Cheibriados.
Cheibriados was aware of your devotion.
You were not hungry.

You visited 1 branch of the dungeon, and saw 4 of its levels.

You collected 317 gold pieces.

Inventory:

Hand Weapons
 a - a +0 spear (weapon)
 b - a +0 short sword
 m - a +4 quarterstaff of chaos
Missiles
 k - 168 stones (quivered)
 n - 202 arrows
Armour
 c - a +0 shield
 f - a +1 pair of gloves (worn)
 g - a +2 buckler of protection
 h - a +0 robe (worn)
 t - a +0 buckler (worn)
 y - a +0 plate armour
 z - a +0 cloak (worn)
Jewellery
 i - an amulet of rage (around neck)
 q - a ring of insulation (left hand)
Wands
 d - a wand of paralysis (13)
 A - a wand of disintegration (2)
Scrolls
 l - 2 scrolls of immolation
 r - 2 scrolls of teleportation {@r3 !r}
 D - a scroll of magic mapping {@r5 !r}
Potions
 p - 2 potions of might
 w - a potion of resistance
 x - a potion of mutation
 B - a potion of magic
Comestibles
 e - 9 rations {!d}


   Skills:
 * Level 3.4 Fighting
 * Level 3.5 Polearms
 * Level 6.8 Stealth
 + Level 2.2 Shields
 - Level 1.0 Spellcasting
 - Level 1.0 Hexes
 + Level 2.0 Evocations


You had 6 spell levels left.
You knew the following spells:

 Your Spells              Type           Power        Failure   Level  Hunger
a - Slow                  Hex            #.......     16%         1    ##.....
Your spell library was empty.

Dungeon Overview and Level Annotations

Branches:
Dungeon (4/12)
 Temple: D:4-7

Altars:
Qazlal
Vehumet

Annotations:
D:4 exclusion: phantom, Edmund, Eustachio


Innate Abilities, Weirdness & Mutations

You cannot wear boots.
Your serpentine skin is tough. (AC +2)
You have supernaturally acute eyesight. (SInv)
Armour fits poorly on your strangely shaped body.
Your system is resistant to poisons. (rPois)
You cover ground very slowly.
You have a slow metabolism.
You can spit poison.


Message History

Eustachio blinks!
You have got your breath back.
The ufetubus barely misses you.
The ufetubus hits you but does no damage.
You see here a robe.
The ufetubus closely misses you.
The ufetubus hits you but does no damage.
The ufetubus hits you. x2
Press: ? - help, Shift-Dir - straight line, f/p - Eustachio
Aim: Eustachio, wielding a +0 rapier and wearing a +1 leather armour of magic resistance (lightly wounded)
The splash of poison misses the ufetubus.
The splash of poison misses Eustachio.
The splash of poison hits the shadow imp.
The shadow imp is poisoned.
The shadow imp is lightly wounded.
You feel slightly more hungry. The ufetubus hits you.
The ufetubus barely misses you.
Eustachio yells, "Perjured traitor, DIE!"
The ufetubus hits you but does no damage.
The ufetubus hits you.
Attack whom?
Press: ? - help, Dir - move target cursor, f/p - Eustachio
Aim: Eustachio, wielding a +0 rapier and wearing a +1 leather armour of magic resistance (lightly wounded)
The ufetubus is in the way.
You miss the ufetubus. The ufetubus hits you. The ufetubus closely misses you.
Attack whom?
Press: ? - help, Dir - move target cursor, f/p - Eustachio
Aim: Eustachio, wielding a +0 rapier and wearing a +1 leather armour of magic resistance (lightly wounded)
The ufetubus is in the way.
You completely miss the ufetubus. You block the ufetubus's attack.
The ufetubus barely misses you.
The ufetubus hits you but does no damage. x2
Attack whom?
Press: ? - help, Dir - move target cursor, f/p - Eustachio
Aim: Eustachio, wielding a +0 rapier and wearing a +1 leather armour of magic resistance (lightly wounded)
You reach to attack!
You closely miss Eustachio.
Eustachio is lightly wounded.
You block the ufetubus's attack.
The ufetubus hits you but does no damage.
Attack whom?
Press: ? - help, Dir - move target cursor, f/p - Eustachio
Aim: Eustachio, wielding a +0 rapier and wearing a +1 leather armour of magic resistance (lightly wounded)
The ufetubus is in the way.
You barely miss the ufetubus.
The ufetubus hits you but does no damage.
The ufetubus closely misses you.
You hit the ufetubus.
The ufetubus is lightly wounded.
The ufetubus hits you.
The ufetubus hits you but does no damage.
You have got your breath back.
The crimson imp disappears in a puff of smoke!
Eustachio gestures wildly while chanting.
Eustachio casts a spell.
You block the ufetubus's attack. The ufetubus closely misses you.
As you read the scroll labeled YSTUDIBOYTS, it crumbles to dust.
It is a scroll of enchant armour.
Your +0 pair of gloves glows green for a moment.
The ufetubus barely misses you. The ufetubus misses you.
As you read the scroll labeled UTIJYSM UTSO, it crumbles to dust.
The scroll dissolves into smoke.
It was a scroll of fog.
The ufetubus disappears in a puff of smoke!
You kill the shadow imp!
As you read the scroll labeled SEROUTUTHRE, it crumbles to dust.
You feel as if something is helping you.
It was a scroll of remove curse.
The ufetubus hits you. The ufetubus closely misses you.
Press: ? - help, Shift-Dir - straight line, f/p - Eustachio
Aim: Eustachio, wielding a +0 rapier and wearing a +1 leather armour of magic resistance (blue smoke, lightly wounded)
The splash of poison misses the ufetubus.
The splash of poison hits Eustachio.
Eustachio is poisoned.
Eustachio is moderately wounded.
You feel slightly more hungry. The ufetubus hits you.
The ufetubus hits you but does no damage.
Eustachio mumbles some strange words.
Eustachio blinks!
The ufetubus hits you but does no damage.
The ufetubus hits you.
As you read the scroll labeled BOVIUFO GAPOTU, it crumbles to dust.
You hear a loud clanging noise!
It was a scroll of noise.
You hear a shout!
The ufetubus closely misses you. x2
As you read the scroll labeled MIM EHUDWUNUCK, it crumbles to dust.
You assume a fearsome visage.
The iron imp is unaffected.
The white imp is unaffected.
The ufetubus is unaffected.
It was a scroll of fear.
You block the ufetubus's attack. The ufetubus hits you.
The white imp gestures at you. The puff of frost hits you!
* * * LOW HITPOINT WARNING * * *
The ufetubus closely misses you.
The ufetubus hits you but does no damage.
It was a potion of cancellation.
You feel magically purged.
The white imp picks up a beetle and eats it.
The white imp gestures at you. The puff of frost hits you!
* * * LOW HITPOINT WARNING * * *
It was a potion of curing.
You feel better. The white imp gestures at you. The puff of frost hits you!
You die...

#.##.####.#######(#.#.#
#.##.# #.# ..
#.##.####.# ...
#.##.#....# ..#
#.#.......# .#
#.#..#.#..# #
#.#..#.#5.#######.#
.........§55§§§..#
###..#.##.§##@#####
#..#.##..##5#
#........§§§##########
..........§..........#
...###)###.########.#
#.####)# #.# #.#
#....).# #.# #.#
#####.)# #.# #.# #..#
#.# #<#


You could see an iron imp, a white imp and an ufetubus.

Vanquished Creatures
  A hound (D:4)
  Crazy Yiuf (D:2)
  An orc wizard (D:3)
  Terence (D:2)
  4 adders
  3 gnolls (D:3)
  A worm (D:3)
  3 dart slugs
  5 leopard geckos
  9 orcs
  3 bats
  2 giant cockroaches
  3 goblins
  2 hobgoblins (D:3)
  A quokka (D:4)
  A ball python (D:1)
  A frilled lizard (D:1)
  4 kobolds
  5 rats
51 creatures vanquished.

Notes
Turn   | Place    | Note
-------+----------+-------------------------------------------
     0 | D:1      | MisterOstroum the Naga Sloth Apostle began the quest for
                  | the Orb.
     0 | D:1      | Reached XP level 1. HP: 19/19 MP: 2/2
    81 | D:1      | Reached skill level 5 in Stealth
    85 | D:1      | Reached XP level 2. HP: 26/26 MP: 3/3
   665 | D:2      | Noticed Terence
   676 | D:2      | Killed Terence
   676 | D:2      | Reached XP level 3. HP: 29/33 MP: 2/4
  1104 | D:2      | Found a runed door.
  1108 | D:2      | Noticed Crazy Yiuf
  1116 | D:2      | Killed Crazy Yiuf
  1116 | D:2      | Reached XP level 4. HP: 36/40 MP: 5/5
  1220 | D:2      | Found a radiant altar of Vehumet.
  1397 | D:3      | Reached * piety under Cheibriados
  1397 | D:3      | Reached skill level 6 in Stealth
  1568 | D:3      | Found a faded altar of an unknown god.
  1706 | D:3      | Reached XP level 5. HP: 45/48 MP: 6/6
  1782 | D:3      | Found a stormy altar of Qazlal.
  1785 | D:3      | Noticed an air elemental
  1785 | D:3      | Noticed a water elemental
  1785 | D:3      | Noticed a fire elemental
  2563 | D:4      | Noticed Eustachio
  2593 | D:4      | Reached XP level 6. HP: 42/56 MP: 7/7
  2723 | D:4      | Noticed Edmund
  2770 | D:4      | Noticed a phantom
  2817 | D:4      | Killed from afar by a white imp

Skill      XL: |  1  2  3  4  5 |
---------------+----------------+-----
Stealth        | 5 6 |  6.8
Polearms       | 3 |  3.5
Shields        | 2 |  2.2
Fighting       | 3 |  3.4
Evocations     | 2 |  2.0
Spellcasting   | |  1.0
Hexes          | |  1.0

Action                   |  1- 3 |  4- 6 || total
-------------------------+-------+-------++-------
Melee: Spear             |    21 |    83 ||   104
       Short sword       |     3 |     6 ||     9
Throw: Stone             |       |     9 ||     9
 Abil: Spit Poison       |    19 |    31 ||    50
Evoke: Wand              |     2 |     5 ||     7
  Use: Scroll            |     2 |    11 ||    13
       Potion            |       |     2 ||     2
 Stab: Sleeping          |     5 |     1 ||     6
       Paralysed         |     3 |     4 ||     7
  Eat: Chunk             |     2 |     5 ||     7
Armor: Robe              |     2 |    25 ||    27
       Plate armour      |       |    15 ||    15
Dodge: Dodged            |     5 |    43 ||    48
Block: Buckler           |       |    23 ||    23
